 Dungeon Crawl Stone Soup version 0.19.5 (webtiles) character file.

104 ponchio the Magician (level 4, -5/24 HPs)
             Began as a Deep Elf Conjurer on Nov 23, 2017.
             Killed by divine providence
             ... invoked by an orc priest
              (14 damage)
             ... on level 3 of the Dungeon.
             The game lasted 00:07:15 (2960 turns).

ponchio the Magician (Deep Elf Conjurer)            Turns: 2960, Time: 00:07:15

Health: -5/24      AC:  3    Str:  5    XL:     4   Next: 52%
Magic:  2/14       EV: 13    Int: 21    God:
Gold:   83         SH:  0    Dex: 15    Spells: 2 memorised, 12 levels left

rFire  . . .     SeeInvis .     p - +1 hand axe (freeze)
rCold  . . .     Gourm    .     a - +0 robe
rNeg   . . .     Faith    .     (no shield)
rPois  .         Spirit   .     m - +0 helmet
rElec  .         Reflect  .     (no cloak)
rCorr  .         Harm     .     (no gloves)
MR     .....                    (no boots)
Stlth  ++........               (no amulet)
                                (no ring)
                                (no ring)

@: no status effects
A: no striking features
a: no special abilities


You were on level 3 of the Dungeon.
You were not hungry.

You visited 1 branch of the dungeon, and saw 3 of its levels.

You collected 83 gold pieces.

Inventory:

Hand Weapons
 n - a +0 short sword
 p - a +1 hand axe of freezing (weapon)
Armour
 a - a +0 robe (worn)
 m - a +0 helmet (worn)
Scrolls
 e - 2 scrolls of amnesia {unknown}
 h - a scroll of recharging {unknown}
 i - 6 scrolls of identify {unknown}
 l - a scroll of teleportation {unknown}
 r - a scroll of fog {unknown}
 s - a scroll of random uselessness {unknown}
Potions
 d - 3 potions of might {unknown}
 f - a potion of berserk rage {unknown}
 g - a potion of flight {unknown}
 j - a potion of haste {unknown}
 k - a potion of heal wounds {unknown}
 o - a potion of curing {unknown}
Books
 b - a book of Conjurations

   Spells                             Type                      Level
   a - Magic Dart                     Conjuration                  1
   b - Searing Ray                    Conjuration                  2
   c - Dazzling Spray                 Conjuration/Hexes            3
   d - Fulminant Prism                Conjuration/Hexes            4
   e - Iskenderun's Mystic Blast      Conjuration                  4
   f - Iskenderun's Battlesphere      Conjuration/Charms           5
Comestibles
 c - 3 bread rations
 q - 2 meat rations
 t - 2 chunks of flesh
 u - 5 fruits


   Skills:
 - Level 2.4 Dodging
 - Level 2.4 Stealth
 + Level 6.5 Spellcasting
 - Level 4.3 Conjurations


You had 12 spell levels left.
You knew the following spells:

 Your Spells              Type           Power        Failure   Level  Hunger
a - Magic Dart            Conj           ####         1%          1    None
b - Dazzling Spray        Conj/Hex       ###...       14%         3    #......


Dungeon Overview and Level Annotations

Branches:
Dungeon (3/15)

Altars:
Yredelemnul


Message History

Confirm with . or Enter, or press ? or * to list all spells.
Aiming: Magic Dart
Press: ? - help, Shift-Dir - straight line, f/p - orc priest
Aim: an orc priest, wearing a chain mail (almost dead)
The magic dart hits the orc priest.
The orc priest is almost dead.
The orc priest mumbles some strange prayers to Beogh against you.
Beogh smites you!
Ouch! That really hurt!
Casting: Magic Dart
Confirm with . or Enter, or press ? or * to list all spells.
Aiming: Magic Dart
Press: ? - help, Shift-Dir - straight line, f/p - orc priest
Aim: an orc priest, wearing a chain mail (almost dead)
The magic dart hits the orc priest.
The orc priest is almost dead.
The orc priest invokes the aid of Beogh against you.
Beogh smites you!
Ouch! That really hurt!
You die...

#.# ..# #.# #.# #.#
#.# #.# ### #.# #.#
.... #.# #)# .#..
#.# #####.##.#.#
#o# #...)......#
##@#####.###......#
#.#.............#.#
##.#####.####.###.#
### #....#.....#
####.#####.# #.#
#.# #.# #.# #.# #..
#.# ###


You could see an orc priest.

Vanquished Creatures
  An orc wizard (D:3)
  2 adders (D:2)
  An ooze (D:2)
  2 worms
  A dart slug (D:1)
  A leopard gecko (D:1)
  5 bats
  A giant cockroach (D:1)
  2 goblins (D:1)
  9 hobgoblins
  5 jackals
  2 kobolds
  A quokka (D:2)
  3 frilled lizards
  6 rats
42 creatures vanquished.

Vanquished Creatures (others)
  A bat (D:3)
1 creature vanquished.

Grand Total: 43 creatures vanquished

Notes
Turn   | Place    | Note
-------+----------+-------------------------------------------
     0 | D:1      | ponchio the Deep Elf Conjurer began the quest for the Orb.
     0 | D:1      | Reached XP level 1. HP: 10/10 MP: 6/6
   289 | D:1      | Reached XP level 2. HP: 15/15 MP: 5/8
   368 | D:1      | Reached skill level 4 in Spellcasting
  1692 | D:2      | Reached XP level 3. HP: 19/19 MP: 7/11
  1697 | D:2      | Learned a level 3 spell: Dazzling Spray
  1709 | D:2      | Reached skill level 5 in Spellcasting
  1856 | D:2      | Found a basalt altar of Yredelemnul.
  2182 | D:2      | Found a basalt altar of Yredelemnul.
  2807 | D:3      | Reached XP level 4. HP: 24/24 MP: 10/13
  2822 | D:3      | Reached skill level 6 in Spellcasting
  2960 | D:3      | Killed from afar by an orc priest

Skill      XL: |  1  2  3  4 |
---------------+-------------+-----
Spellcasting   | 4 5 6 |  6.5
Dodging        | |  2.4
Stealth        | |  2.4
Conjurations   | |  4.3

Action                   |  1- 3 |  4- 6 || total
-------------------------+-------+-------++-------
Melee: Short sword       |     1 |       ||     1
 Cast: Magic Dart        |    89 |    22 ||   111
  Eat: Royal jelly       |     1 |       ||     1
       Chunk             |     3 |     1 ||     4
Armor: Robe              |     2 |       ||     2
Dodge: Dodged            |     7 |       ||     7
